 BcadrenCrawl: Boulder Brew version 0.03.2.1-32-g00f802a9a0 (webtiles) character file.

Game seed: 6029456243177817828, levelgen mode: deterministic

2469734 esc the Merry Centaur (level 27, 245/245 HPs) Centaur Noble. Began on Jan 21, 2021. Was an Initiate of Gozag Ym Sagoz. Escaped with the Orb ... and 3 runes on Jan 22, 2021! The game lasted 01:48:05 (36510 turns).

esc the Merry Centaur (Centaur Noble)              Turns: 36510, Time: 01:48:06

Health: 245/245    AC: 60    Str: 18    XL:     27
Magic:  18/18      EV: 12    Int: 14    God:    Gozag Ym Sagoz
Gold:   21591      SH:  0    Dex: 25    Spells: 25/28 levels left

rFire    + + .     Vision   +   b - +7 longbow of Krishna "Shargna" {holy, speed, +Vis}
rCold    . . .     Gourm    .   (also wielding the above weapon)
rNeg     + . .     Faith    .   Y - +10 storm dragon scales "Siakocs Maod" {rElec rF+ rCorr Int+3}
rPois    +         Spirit   .   C - +2 helmet {Str+3}
rElec    +         Reflect  .   W - +0 cloak of the Sparrow {rF+ Regen+ MP-9}
rCorr    +         Harm     .   d - +2 pair of gloves {archery}
MR       ++++.                  N - +10 Black Knight's horse barding {ponderous, rPois rN+}
Stlth    ..........             B - amulet of regeneration
HPRegen  1.71/turn              y - ring "Wenoagh" {Dex+4 Slay+5}
MPRegen  0.28/turn              r - ring of Varrez {MR++ AC+5 Int+2 Dex-3}

@: quick
A: large, hooves 3, deformed body, speed 2, frail 1, tough skin 3
0: Orb of Zot
}: 3/15 runes: barnacled, silver, gossamer
a: Potion Petition, Call Merchant, Bribe Branch, Renounce Religion


You escaped.
You worshipped Gozag Ym Sagoz.
Gozag Ym Sagoz was extremely pleased with you.
You were not hungry.

You visited 9 branches of the dungeon, and saw 40 of its levels.
You also visited: Trove, Bailey and Market.

You collected 37378 gold pieces.
You spent 10208 gold pieces at shops.
You paid 6579 gold pieces to Gozag.

Inventory:

Weapons
 a - a +9 longbow of molten steel
 b - the +7 longbow of Krishna "Shargna" (weapon) {holy, speed, +Vis}
   (You bought it in a shop on level 6 of the Dungeon)

   It has been blessed by the Shining One, and any arrow fired from it will
   cause great damage to the undead and demons.
   It improves your vision.
Armour
 d - a +2 pair of gloves of archery (worn)
 C - a +2 helmet of strength (worn)
 N - the +10 Black Knight's horse barding (worn) {ponderous, rPois rN+}
   (You acquired it on level 6 of the Dungeon)

   It protects you from poison.
   It protects you from negative energy.
 W - the +0 cloak of the Sparrow (worn) {rF+ Regen+ MP-9}
   (You acquired it on level 1 of the Vaults)

   It protects you from fire.
   It affects your magic capacity (-9).
   It increases your rate of regeneration.
 Y - the +10 storm dragon scales "Siakocs Maod" (worn) {rElec rF+ rCorr Int+3}
   (You bought it in a shop on level 1 of the Realm of Zot)

   It affects your intelligence (+3).
   It protects you from fire.
   It insulates you from electricity.
   It provides partial protection from all sources of acid and corrosion.
Jewellery
 e - the cursed ring "Orelil" {Fire rPois MR++, (Curse: *Drain)}
   (You took it off a deep elf mage on level 5 of the Depths)

   [ring of fire]

   It enhances your fire magic.
   It protects you from fire.
   It makes you vulnerable to cold.
   It protects you from poison.
   It affects your resistance to hostile enchantments.
   It has a curse placed upon it.
   { (Curse: *Drain)}
 r - the ring of Varrez (right hand) {MR++ AC+5 Int+2 Dex-3}
   (You bought it in a shop on level 7 of the Dungeon)

   [ring of protection]

   It affects your AC (+5).
   It affects your intelligence (+2).
   It affects your dexterity (-3).
   It affects your resistance to hostile enchantments.
 u - the cursed ring "Hoummosu" {-Vis rPois Str+7 Dex+5 Stlth+, (Curse: *Slow)}
   (You found it on level 5 of the Depths)

   [ring of dexterity]

   It affects your strength (+7).
   It affects your dexterity (+5).
   It protects you from poison.
   It blurs your vision.
   It makes you more stealthy.
   It has a curse placed upon it.
   { (Curse: *Slow)}
 y - the ring "Wenoagh" (left hand) {Dex+4 Slay+5}
   (You acquired it on level 8 of the Dungeon)

   [ring of slaying]

   It affects your dexterity (+4).
   It affects your accuracy and damage with ranged weapons and melee attacks
   (+5).
 B - an amulet of regeneration (around neck)
Wands
 n - a wand of iceblast (47)
 s - a wand of flame (56)
 z - a wand of acid (51)
 A - a wand of clouds (7)
 D - a wand of disintegration (43)
 F - a wand of ensnaring (28)
 I - a wand of hasting (25)
 L - a wand of polymorph (51)
 O - a wand of healing (4)
 P - a wand of enslavement (18)
 U - a wand of random effects (20)
 X - a wand of scattershot (15)
Scrolls
 g - 7 scrolls of fear
 h - 11 scrolls of fog
 l - 17 scrolls of teleportation
 o - 10 scrolls of blinking
 t - 9 scrolls of bless item
 v - 3 scrolls of summoning
 x - 13 scrolls of magic mapping
 H - 4 scrolls of holy word
 R - 10 scrolls of enchantment
Potions
 c - 6 potions of haste
 f - 9 potions of curing
 i - 4 potions of resistance
 j - 7 potions of cancellation
 k - 4 potions of invisibility
 m - 3 potions of magic
 p - 22 potions of brilliance
 q - 18 potions of might
 w - 15 potions of agility
 E - 5 potions of berserk rage
 G - 16 potions of heal wounds
 K - 12 potions of ambrosia
 M - 5 potions of mutation
Miscellaneous
 J - a lamp of fire
 T - a phantom mirror
Comestibles
 Q - 64 rations


   Skills:
 O Level 27 Fighting
 O Level 27 Bows
 + Level 21.0 Armour
 - Level 17.2 Dodging
 - Level 0.4 Stealth
 - Level 1.0 Spellcasting
 - Level 6.0 Evocations


You had 25 spell levels left.
You knew the following spells:

 Your Spells              Type           Power        Failure   Level  Hunger
a - Apportation           Tloc           0 (50)       85%         3    ####...

Your spell library contained the following spells:

 Spells                   Type           Power        Failure   Level  Hunger
 Beastly Appendage        Tmut           0 (50)       47%         1    ##.....
 Confusing Touch          Hex            0 (50)       47%         1    ##.....
 Flame Tongue             Fire           0 (30)       47%         1    ##.....
 Foxfire                  Fire           0 (25)       47%         1    ##.....
 Freeze                   Ice            0 (25)       47%         1    ##.....
 Magic Candle             Hex/Fire       0 (90)       47%         1    ##.....
 Poisonous Vapours        Pois/Air       0 (50)       47%         1    ##.....
 Sandblast                Erth           0 (50)       47%         1    ##.....
 Shock                    Air            0 (25)       47%         1    ##.....
 Summon Butterflies       Summ           0 (100)      47%         1    ##.....
 Summon Small Mammal      Summ           0 (25)       47%         1    ##.....
 Blink                    Tloc           N/A          63%         2    ###....
 Call Imp                 Summ           0 (100)      63%         2    ###....
 Corpse Rot               Tmut/Necr      N/A          63%         2    ###....
 Ensorcelled Hibernation  Hex/Ice        0 (50)       63%         2    ###....
 Passwall                 Tmut/Erth      0 (120)      63%         2    ###....
 Searing Ray              Fire           0 (50)       63%         2    ###....
 Shroud of Golubria       Chrm/Tloc      0 (200)      63%         2    ###....
 Slow                     Hex            0 (100)      63%         2    ###....
 Sticks to Snakes         Tmut           0 (100)      63%         2    ###....
 Sting                    Pois           0 (25)       63%         2    ###....
 Sublimation of Blood     Necr           0 (200)      63%         2    ###....
 Swiftness                Chrm/Air       0 (100)      63%         2    ###....
 Throw Frost              Ice            0 (50)       63%         2    ###....
 Blinding Spray           Hex/Pois       0 (50)       85%         3    ####...
 Call Canine Familiar     Summ           0 (100)      85%         3    ####...
 Confuse                  Hex            0 (100)      85%         3    ####...
 Conjure Flame            Fire           0 (100)      85%         3    ####...
 Gell's Gravitas          Tloc           0 (200)      85%         3    ####...
 Ignite Poison            Fire/Tmut      0 (100)      85%         3    ####...
 Inner Flame              Hex/Fire       0 (100)      85%         3    ####...
 Mephitic Cloud           Pois/Air       0 (100)      85%         3    ####...
 Ozocubu's Armour         Chrm/Ice       0 (100)      85%         3    ####...
 Static Discharge         Air            0 (100)      85%         3    ####...
 Stone Arrow              Erth           0 (50)       85%         3    ####...
 Teleport Other           Hex/Tloc       0 (100)      85%         3    ####...
 Tukima's Dance           Hex            0 (100)      85%         3    ####...
 Airstrike                Air            0 (200)      99%         4    #####..
 Force Lance              Tloc/Air       0 (200)      99%         4    #####..
 Force Lasso              Tloc/Erth      0 (200)      99%         4    #####..
 Fulminant Prism          Hex            0 (200)      99%         4    #####..
 Hailstorm                Ice            0 (100)      99%         4    #####..
 Ice Form                 Ice/Tmut       0 (100)      99%         4    #####..
 Leda's Liquefaction      Tmut/Erth      0 (200)      99%         4    #####..
 Olgreb's Toxic Radiance  Pois           0 (100)      99%         4    #####..
 Petrify                  Tmut/Erth      0 (100)      99%         4    #####..
 Sticky Flame             Fire/Pois      0 (100)      99%         4    #####..
 Still Winds              Hex/Air        0 (200)      99%         4    #####..
 Summon Ice Beast         Ice/Summ       0 (100)      99%         4    #####..
 Throw Icicle             Ice            0 (100)      99%         4    #####..
 Bolt of Magma            Fire/Erth      0 (200)      100%        5    ######.
 Fireball                 Fire           0 (200)      100%        5    ######.
 Irradiate                Tmut/Pois      0 (200)      100%        5    ######.
 Lee's Rapid Deconstruct  Erth           0 (200)      100%        5    ######.
 Lightning Bolt           Air            0 (200)      100%        5    ######.
 Methodical Deconstructi  Erth           0 (200)      100%        5    ######.
 Silence                  Hex/Air        0 (200)      100%        5    ######.
 Summon Forest            Summ/Erth      0 (200)      100%        5    ######.
 Summon Mana Viper        Summ/Pois      0 (100)      100%        5    ######.
 Summon Spider Mount      Summ/Pois      0 (200)      100%        5    ######.
 Yara's Violent Unravell  Hex/Tmut       0 (200)      100%        5    ######.
 Bolt of Fire             Fire           0 (200)      100%        6    #######
 Borgnjor's Vile Clutch   Necr/Erth      0 (200)      100%        6    #######
 Darkness                 Hex            0 (200)      100%        6    #######
 Eringya's Noxious Bog    Tmut/Pois      0 (200)      100%        6    #######
 Freezing Cloud           Ice/Air        0 (200)      100%        6    #######
 Invisibility             Chrm           0 (100)      100%        6    #######
 Iron Shot                Erth           0 (200)      100%        6    #######
 Ring of Flames           Chrm/Fire      0 (200)      100%        6    #######
 Shadow Creatures         Summ           N/A          100%        6    #######
 Starburst                Fire           0 (200)      100%        6    #######
 Statue Form              Tmut/Erth      0 (150)      100%        6    #######
 Tunneling                Erth           0 (200)      100%        6    #######
 Infestation              Tmut/Pois      0 (200)      100%        7    #######
 Ignition                 Fire           0 (200)      100%        8    #######
 Shatter                  Erth           0 (200)      100%        9    #######
 Passage of Golubria      Tloc           Unusable     N/A         4    N/A

Dungeon Overview and Level Annotations

Branches:
Dungeon (8/8)              Temple (1/1) D:4            Lair (6/6) D:5
 Shoals (4/4) Lair:2       Spider (4/4) Lair:4        Slime (0/5) Lair:5
    Orc (2/2) D:6             Elf (0/3) Orc:2        Vaults (5/5) D:7
  Crypt (0/3) Vaults:2     Depths (5/5) D:8             Zot (5/5) Depths:5
 Bailey (visited)

Altars:
Ashenzari
Cheibriados
Dithmenos
Elyvilon
Gozag Ym Sagoz
Hepliaklqana
Kikubaaqudgha
Makhleb
Nemelex Xobeh
Okawaru
Qazlal
Ru
Sif Muna
Trog
Uskayaw
Vehumet
Xom
Yredelemnul
Zin
The Shining One
Jiyva
Lugonu

Shops:
D:6 **(   D:7 =   D:8 *   Orc:2 [(:*   Vaults:1 ?   Vaults:2 [*?   Vaults:3 (
Zot:1 [   Depths:4 *

Portals:
Hell: Depths:1 Depths:2 Depths:3 Depths:4 Depths:5
Abyss: Depths:3 Depths:4
Pandemonium: Depths:3 Depths:4
Ziggurat: Depths:2

Annotations:
Lair:5 1 runed translucent door


Innate Abilities, Weirdness & Mutations

You have hooves in place of feet.
Armour fits poorly on your strangely shaped body.
You cover ground very quickly.
You have extremely tough skin. (AC +3)
You are frail. (-10% HP)


Message History

The reaper is moderately wounded. (48/79) HP
Aiming:
b - the +7 longbow of Krishna "Shargna" {holy, speed, +Vis}, Range: 6 (100%)
Press: ? - help, Shift-Dir - straight line, f/p - reaper
Aim: a reaper, wielding a +2 scythe of molten steel (moderately wounded (48/79))
You shoot an arrow. The arrow hits the reaper (71)!!!
You kill the reaper!
You hear a splash.
Aiming:
b - the +7 longbow of Krishna "Shargna" {holy, speed, +Vis}, Range: 0 (25%)
Press: ? - help, Shift-Dir - straight line, f - you That would be overly suicidal.
Okay, then.
You enter the shallow water.
Moving in this stuff is going to be slow.
There is a stone staircase leading up here.
You climb upwards.
There is a stone staircase leading down here.
You enter the shallow water.
Moving in this stuff is going to be slow.
There is a staircase leading out of the dungeon here.
You have escaped!

..##.#.#.#.#.#.######..# #.#
...#.#.#.#.#.......###.#####.#
.....#.#.#.#.#######....##...#
.....#.#.#.#.........##.##...#
...#.#.#.#.#.##########..#...# ##
##.#.#.#.#.#.......# ##.#...# #.
...#.#...#.#.#####.# #.###.# #.
.#.#.#####.#.#...#.# #.###.# #.
.#.#.#.....#.#.#@#.#####..##.# #.
.#.#.#.#####.#.###.#.)..#.##.# #.
##.#.#.......#.....#....#..#.# #.
.....#######.#######...รท##)#.###.
##.### #.....................'.
...# #.####.#.##....##.#.###. ####
#.####...##......)...... #
#........#####.##.#.....
##########........# #.##.#..#.#


There were no monsters in sight!

Vanquished Creatures
  2 ancient liches (Zot:5)
  8 orbs of fire
  6 Killer Klowns
  Sojobo (Depths:2)
  Margery (Vaults:5)
  Saint Roka (Depths:3)
  Boris (Depths:5)
  14 golden dragons
  the Enchantress (Depths:3)
  Arachne (Spider:3)
  3 curse toes
  2 electric golems
  6 liches
  A Hell Sentinel (Zot:4)
  7 titans
  12 caustic shrikes
  5 quicksilver dragons
  A juggernaut (Zot:3)
  Frances (Spider:1)
  13 storm dragons
  11 shadow dragons
  A kraken (Shoals:2)
  8 sphinxes
  Circe (D:6)
  Polyphemus (Shoals:4)
  The ghost of frimble the Struggler, an adept DsGl of Okawaru (Depths:1)
  14 tengu reavers
  3 iron dragons (Vaults:5)
  3 plutonium crabs
  Donald (Shoals:2)
  3 draconian monks
  4 draconian knights
  Agnes (Spider:1)
  2 draconian shifters
  10 fire giants
  Ilsuiw (Shoals:2)
  17 vault wardens
  2 platinum draconians
  3 orc warlords
  10 frost giants
  5 deep elf sorcerers
  A draconian scorcher (Zot:1)
  Roxanne (D:6)
  12 ironheart preservers
  3 deep elf elementalists
  2 draconian stormcallers
  2 magenta draconians
  Aizul (Spider:3)
  3 draconian sharpshooters
  27 Orb Guardians
  11 ghost moths
  A reaper (D:2)
  7 draconian annihilators
  11 death cobs
  An olive draconian (Zot:1)
  2 golden draconians (Zot:1)
  3 blood draconians
  A teal draconian (Zot:4)
  A scintillating draconian (Zot:1)
  3 entropy weavers
  3 lime draconians
  A green draconian (Zot:1)
  2 bone draconians
  A silver draconian (Zot:2)
  2 black draconians
  A pearl draconian (Zot:1)
  2 eidola (Lair:2)
  A red draconian (Zot:1)
  2 deep elf demonologists (Vaults:5)
  3 purple draconians
  7 vampire knights
  19 tentacled monstrosities
  2 cyan draconians
  Snorg (Lair:5)
  2 white draconians
  7 spark wasps
  2 deep elf annihilators (Vaults:5)
  4 merfolk javelineers
  2 green deaths (Depths:3)
  8 fire dragons
  A crystal guardian (Vaults:4)
  4 chaos butterflies
  2 blizzard demons
  A mummy priest (Lair:2)
  2 deep elf death magi
  12 ice dragons
  3 merfolk avatars
  5 emperor scorpions
  Erolcha (D:5)
  3 rakshasas
  16 very ugly things
  2 satyrs
  8 spriggan air magi
  4 great orbs of eyes
  A deep elf high priest (Vaults:5)
  A sphinx moth (shapeshifter) (Vaults:5)
  3 death knights
  15 deep troll earth magi
  A sphinx moth (Spider:2)
  7 boulder beetles
  12 deep troll shamans
  10 merfolk impalers
  A catoblepas (Shoals:4)
  24 stone giants
  3 merfolk aquamancers (Shoals:4)
  3 hell hogs (Depths:1)
  8 spriggan berserkers
  A vampire mage (Depths:1)
  Urug (D:6)
  A swooping magpie (shapeshifter) (Depths:1)
  A soul eater (Depths:3)
  5 orc high priests (Orc:2)
  17 ettins
  A naga sharpshooter (Depths:5)
  28 yaktaur captains
  12 ogre magi
  6 deep elf knights
  An unseen horror (shapeshifter) (Vaults:4)
  5 spriggan defenders
  An unseen horror (D:7)
  4 skeletal warriors
  37 vault guards
  4 dire elephants (Lair:6)
  42 two-headed ogres
  12 hell knights
  A two-headed ogre (shapeshifter) (Vaults:5)
  3 tengu warriors
  An anaconda (Lair:6)
  2 fire crabs (shapeshifter)
  7 deep elf archers
  9 hydras
  9 phantasmal warriors
  15 harpies
  22 balloon dogs
  A large abomination (Depths:5)
  The ghost of Gofip the Destroyer, a novice DEWz of Sif Muna (D:8)
  14 ironbrand convokers
  A death drake (shapeshifter) (Vaults:5)
  14 centaur warriors
  3 glowing orange brains
  3 flayed ghosts
  16 orc knights
  2 shadow wraiths
  2 fauns
  5 wizards
  A deep troll (shapeshifter) (Vaults:5)
  A queen ant (Lair:3)
  32 deep trolls
  22 giraffes
  5 death yaks
  8 necromancers
  3 torpor snails
  10 manticores
  A rock worm (shapeshifter) (Vaults:1)
  2 guardian serpents (Depths:5)
  4 merfolk sirens
  An oklob plant (Lair:3)
  18 deep elf magi
  14 sea snakes
  21 orb spiders
  2 orc sorcerers
  A manticore (shapeshifter) (Vaults:4)
  A rock worm (Spider:3)
  A rust devil (Depths:4)
  A gargoyle (D:7)
  A molten gargoyle (Lair:2)
  29 moths of wrath
  7 water nymphs
  14 vault sentinels
  6 black mambas
  A smoke demon (D:4)
  4 iron trolls
  A hellwing (Depths:3)
  6 freezing wraiths
  7 trolls
  47 ugly things
  16 spiny frogs
  A caustic shrike zombie (D:8)
  4 ice devils
  2 yaktaurs (shapeshifter)
  15 elephants
  56 yaktaurs
  7 snapping turtles
  4 rime drakes
  50 wolf spiders
  A meliai (D:7)
  8 tengu conjurers
  7 komodo dragons
  12 demonic crawlers
  22 jumping spiders
  A jumping spider (shapeshifter) (Vaults:5)
  2 wind drakes
  A frost giant skeleton (Depths:1)
  2 hornets (shapeshifter)
  A dream sheep (shapeshifter) (Depths:4)
  Prince Ribbit (D:2)
  A tengu skeleton (Depths:1)
  2 wraiths
  14 hornets
  2 spriggan zombies (D:8)
  2 dream sheep (Lair:3)
  16 blink frogs
  A vampire (D:7)
  2 blink frogs (shapeshifter)
  22 merfolk
  A yaktaur zombie (Depths:1)
  3 flying skulls (Lair:2)
  3 hippogriffs
  A shadow (D:7)
  3 spriggans
  5 cyclopes
  3 wyverns
  A stone giant simulacrum (Depths:1)
  10 water elementals
  34 yaks
  A shadow dragon simulacrum (Depths:1)
  2 hogs (D:6)
  A fire giant simulacrum (Depths:1)
  A human simulacrum (Vaults:1)
  An acid dragon (shapeshifter) (Vaults:3)
  A slime creature (shapeshifter) (Vaults:5)
  A deep troll zombie (Depths:1)
  33 tarantellas
  2 vampire mosquitoes (D:8)
  4 basilisks
  2 humans (shapeshifter)
  2 nagas (Depths:5)
  2 acid dragons
  19 slime creatures
  2 wolf spider zombies (D:6)
  8 guardian mummies
  A fire dragon zombie (D:8)
  An ice dragon skeleton (Depths:1)
  50 redbacks
  A spriggan simulacrum (Depths:1)
  8 wargs
  A swamp worm (shapeshifter) (Depths:3)
  5 phantoms
  21 soldier ants
  59 orc warriors
  2 necrophages
  15 water moccasins
  8 hell hounds
  3 scorpions
  2 floating eyes (Depths:5)
  An eye of draining (shapeshifter) (Vaults:5)
  15 porcupines
  5 sky beasts
  Duvessa (D:3)
  A deep troll simulacrum (Depths:1)
  An ogre zombie (Vaults:1)
  An ice dragon simulacrum (Depths:1)
  A fire dragon simulacrum (Depths:1)
  3 ice beasts
  2 black bears (D:5)
  An ogre skeleton (Vaults:1)
  25 ogres
  15 wolves
  2 wolf spider simulacra
  4 boggarts (Depths:1)
  A komodo dragon zombie (Lair:2)
  20 crocodiles
  A rock worm zombie (D:7)
  2 big kobolds (D:2)
  2 yaktaur skeletons
  A tengu zombie (Depths:1)
  21 bullfrogs
  20 centaurs
  A harpy skeleton (D:7)
  A rock worm simulacrum (Depths:1)
  Dowan (D:3)
  2 howler monkeys (D:5)
  6 killer bees (D:5)
  A quasit (D:4)
  5 wights
  A blink frog zombie (Lair:2)
  12 electric eels
  3 lava snakes (Lair:2)
  10 orc priests
  6 hounds
  17 jellies
  25 orc wizards
  A mummy (Lair:2)
  3 iguanas
  2 water moccasin zombies (Lair:2)
  2 hell rats (D:5)
  22 worker ants
  A crocodile zombie (Lair:2)
  15 giant cockroaches
  3 bullfrog zombies
  6 bullfrog skeletons
  15 adders
  A gnoll (D:7)
  47 sewer rats
  A white imp (D:4)
  3 worms (D:2)
  11 cinder newts
  A hound zombie (D:5)
  A worker ant zombie (D:5)
  29 oozes
  3 dart slugs (D:1)
  7 leopard geckos
  104 orcs
  6 goblins
  6 hobgoblins (D:1)
  6 jackals (D:4)
  7 kobolds
  4 quokkas
  4 ball pythons
  A ball python skeleton (D:2)
  10 bats
  2 bat skeletons (D:2)
  A goblin skeleton (D:2)
  A jackal skeleton (D:2)
  A kobold skeleton (D:2)
  A quokka skeleton (D:5)
  6 rats (D:1)
  A rat skeleton (D:2)
  A butterfly (D:4)
  2 fire vortices (Lair:6)
  6 fungi
  13 plants
  3 tentacles (Shoals:2)
  5 withered plants
2289 creatures vanquished.

Vanquished Creatures (others)
  A dancing weapon (Vaults:5)
  2 humans (D:6)
  A wight (D:6)
  A jelly (D:2)
  A worker ant (D:6)
  3 giant cockroaches (D:2)
  3 sewer rats (D:2)
  A worm (D:2)
  A leopard gecko (D:2)
  An orc (D:6)
  A hobgoblin skeleton (D:2)
  6 kobolds (D:2)
  7 fungi
  6 plants
  4 tentacles (Shoals:2)
  98 withered plants (D:2)
137 creatures vanquished.

Grand Total: 2426 creatures vanquished

Notes
Turn   | Place    | Note
-------+----------+-------------------------------------------
     0 | Start Ma | esc the Centaur Noble began the quest for the Orb.
     0 | Start Ma | Reached XP level 1. HP: 16/16 MP: 2/2
     0 | Start Ma | Found Jymoaxag's Expert Tomes.
     3 | Start Ma | Found Vesisaci's Auxillary Armour.
     6 | Start Ma | Bought a +0 longbow for 180 gold pieces
    23 | Start Ma | Bought a +0 pair of gloves of archery for 230 gold pieces
    23 | Start Ma | Found Xyugagid's Mashing MeleeMart.
    35 | Start Ma | Bought an uncursed ring of protection for 440 gold pieces
    41 | Start Ma | Bought a scroll of enchantment for 120 gold pieces
    54 | D:1      | esc set off with the following items: a +0 robe, a ration,
                  | a +1 longbow, a +0 pair of gloves of archery, a ring of
                  | protection
    90 | D:1      | Reached XP level 2. HP: 23/23 MP: 3/3
   217 | D:1      | Reached XP level 3. HP: 28/28 MP: 4/4
   435 | D:1      | Reached skill level 5 in Bows
   435 | D:1      | Reached XP level 4. HP: 35/35 MP: 5/5
   974 | D:2      | Noticed a crocodile
   976 | D:2      | Reached XP level 5. HP: 40/40 MP: 6/6
  1147 | D:2      | Reached XP level 6. HP: 44/47 MP: 7/7
  1311 | D:2      | Noticed a slime creature
  1312 | D:2      | Reached XP level 7. HP: 52/52 MP: 8/8
  1331 | D:2      | Reached skill level 10 in Bows
  2009 | D:2      | Reached XP level 8. HP: 59/59 MP: 9/9
  2307 | D:2      | Noticed Prince Ribbit
  2311 | D:2      | Killed Prince Ribbit
  2311 | D:2      | Reached XP level 9. HP: 50/64 MP: 10/10
  2834 | D:3      | Reached skill level 15 in Bows
  2969 | D:3      | Noticed Dowan
  2971 | D:3      | Killed Dowan
  2974 | D:3      | Noticed Duvessa
  2975 | D:3      | Killed Duvessa
  3318 | D:4      | Noticed a two-headed ogre
  3325 | D:4      | Killed a two-headed ogre
  3390 | D:4      | Found a staircase to the Ecumenical Temple.
  3396 | D:4      | Reached XP level 10. HP: 71/71 MP: 11/11
  3411 | Temple   | Entered the Ecumenical Temple
  3585 | Temple   | Became a worshipper of Gozag Ym Sagoz the Greedy
  4174 | D:5      | Entered Level 5 of the Dungeon
  4174 | D:5      | Noticed a death yak
  4178 | D:5      | Killed a death yak
  4188 | D:5      | Found a staircase to the Lair.
  4188 | D:5      | Noticed a two-headed ogre
  4193 | D:5      | Killed a two-headed ogre
  4195 | D:5      | Noticed a boulder beetle
  4197 | D:5      | Killed a boulder beetle
  4200 | D:5      | Noticed a death yak
  4200 | D:5      | Noticed a death yak
  4202 | D:5      | Killed a death yak
  4205 | D:5      | Killed a death yak
  4205 | D:5      | Reached XP level 11. HP: 77/77 MP: 12/12
  4367 | D:5      | Noticed Erolcha
  4369 | D:5      | Killed Erolcha
  4457 | D:5      | Noticed a two-headed ogre
  4459 | D:5      | Killed a two-headed ogre
  4561 | D:5      | Found a shattered altar of Ashenzari.
  4807 | Lair:1   | Entered Level 1 of the Lair of Beasts
  4900 | Lair:1   | Noticed a boulder beetle
  4903 | Lair:1   | Killed a boulder beetle
  4904 | Lair:1   | Reached XP level 12. HP: 83/83 MP: 13/13
  5054 | Lair:1   | Reached skill level 1 in Armour
  5054 | Lair:1   | Reached skill level 1 in Dodging
  5556 | Lair:2   | Found a staircase to the Shoals.
  5842 | Lair:2   | Identified the +0 pair of boots "Biff" {-Cast rElec rF+++
                  | Str-4}
  6004 | Lair:2   | Noticed an eidolon
  6023 | Lair:2   | Killed an eidolon
  6037 | Lair:2   | Noticed an eidolon
  6043 | Lair:2   | Killed an eidolon
  6078 | Lair:2   | Noticed a mummy priest
  6080 | Lair:2   | Killed a mummy priest
  6080 | Lair:2   | Reached skill level 5 in Fighting
  6316 | Lair:2   | Reached XP level 13. HP: 75/100 MP: 14/14
  6827 | Lair:3   | Reached skill level 5 in Dodging
  6830 | Lair:3   | Reached skill level 5 in Armour
  7521 | Lair:4   | Reached XP level 14. HP: 113/113 MP: 15/15
  7994 | Lair:4   | Found a hole to the Spider Nest.
  8290 | Spider:1 | Entered Level 1 of the Spider Nest
  8450 | Spider:1 | Noticed Agnes
  8452 | Spider:1 | Killed Agnes
  8460 | Spider:1 | Noticed Frances
  8463 | Spider:1 | Killed Frances
  8877 | Lair:5   | Identified the cursed +10 staff of Res Nullius {chaos,
                  | fire; rF+ rN+ MR+, (Curse: Slay-6)}
  9021 | Lair:5   | Found a dark tunnel.
  9078 | Lair:5   | Noticed Snorg
  9080 | Lair:5   | Killed Snorg
  9133 | Lair:5   | Found a runed translucent door.
  9159 | Lair:5   | Found a viscous altar of Jiyva.
  9159 | Lair:5   | Found a staircase to the Slime Pits.
  9159 | Lair:5   | Noticed an acid blob
  9159 | Lair:5   | Noticed an acid blob
  9159 | Lair:5   | Noticed an acid blob
  9213 | Lair:5   | Reached XP level 15. HP: 125/125 MP: 16/16
  9642 | Lair:6   | Entered Level 6 of the Lair of Beasts
  9691 | Lair:6   | Reached skill level 10 in Fighting
  9917 | Lair:6   | Identified a scroll of acquirement
  9983 | Lair:6   | Found a gate leading to a gauntlet.
 10188 | Lair:6   | Reached XP level 16. HP: 133/133 MP: 17/17
 10790 | D:6      | Noticed Circe
 10797 | D:6      | Killed Circe
 10855 | D:6      | Noticed Roxanne
 10862 | D:6      | Killed Roxanne
 11094 | D:6      | Found a staircase to the Orcish Mines.
 11351 | D:6      | Noticed Urug
 11353 | D:6      | Killed Urug
 11367 | D:6      | Found the +10 Black Knight's horse barding {ponderous,
                  | rPois rN+}
 11379 | D:6      | Identified the +8 longbow "Goblin's Demise" {molten, rF+}
                  | (You acquired it on level 6 of the Dungeon)
 11406 | D:6      | Found a glowing golden altar of the Shining One.
 11421 | D:6      | Found a basalt altar of Yredelemnul.
 11533 | Orc:1    | Entered Level 1 of the Orcish Mines
 11567 | Orc:1    | Identified the cursed ring "Cikk" {Wiz +Vis, (Curse:
                  | *Contam Fragile)}
 11573 | Orc:1    | Identified the cursed ring of Pragmatism {*Contam rN+ MR++
                  | Int+6, (Curse: Fragile rC- Str-5)}
 11667 | Orc:1    | Found a bloodstained altar of Trog.
 12109 | Orc:2    | Entered Level 2 of the Orcish Mines
 12218 | Orc:2    | Found Hisi's Antique Armour Emporium.
 12235 | Orc:2    | Found a staircase to the Elven Halls.
 12317 | Orc:2    | Found Warag's General Store.
 12344 | Orc:2    | Identified the cursed ring "Reociedd" {rElec MR+ Dex+4
                  | Stlth+, (Curse: Fragile)}
 12360 | Orc:2    | Found Isui's Book Shop.
 12535 | Orc:2    | Found Ecryne's Antique Weapon Shop.
 12850 | Orc:2    | Bought a faintly humming scale mail for 360 gold pieces
 12850 | Orc:2    | Identified the +1 scale mail "Saduk" {rElec rC+ Dex+4} (You
                  | bought it in a shop on level 2 of the Orcish Mines)
 12850 | Orc:2    | Bought a twisted ring mail for 360 gold pieces
 12850 | Orc:2    | Identified the +1 ring mail of the Blessed Realm {Regen+}
                  | (You bought it in a shop on level 2 of the Orcish Mines)
 14045 | Spider:3 | Reached XP level 17. HP: 145/145 MP: 18/18
 14181 | Spider:3 | Noticed Arachne
 14185 | Spider:3 | Killed Arachne
 14187 | Spider:3 | Noticed Aizul
 14188 | Spider:3 | Killed Aizul
 14652 | Spider:4 | Entered Level 4 of the Spider Nest
 14678 | Spider:4 | Identified the +4 sai of the Enemy {molten, Fragile rElec
                  | Dex+2}
 15057 | Spider:4 | Got a gossamer rune of Zot
 15471 | Shoals:1 | Entered Level 1 of the Shoals
 15484 | Shoals:1 | Reached skill level 10 in Dodging
 15533 | Shoals:1 | Identified the cursed +9 staff "Fuenic" {chaos, life;
                  | Int+3, (Curse: *Tele rC-)}
 15585 | Shoals:1 | Identified the +1 robe "Xorigryn" {Int+4}
 15613 | Shoals:1 | Reached skill level 10 in Armour
 15908 | Shoals:2 | Noticed Ilsuiw
 15911 | Shoals:2 | Killed Ilsuiw
 15974 | Shoals:2 | Noticed Donald
 15976 | Shoals:2 | Killed Donald
 16365 | Shoals:2 | Found a shimmering blue altar of Sif Muna.
 16800 | Shoals:3 | Reached XP level 18. HP: 156/156 MP: 19/19
 16946 | Shoals:4 | Entered Level 4 of the Shoals
 16951 | Shoals:4 | Noticed Polyphemus
 16953 | Shoals:4 | Killed Polyphemus
 17193 | Shoals:4 | Got a barnacled rune of Zot
 17376 | Shoals:4 | Identified the cursed +4 staff of Vinwof {reaver, tMut;
                  | rC++, (Curse: rF-)}
 17491 | Shoals:4 | Identified the +2 robe "Tub Doa" {rCorr}
 17818 | D:6      | Bought the +7 longbow of Krishna "Shargna" {holy, speed,
                  | +Vis} for 814 gold pieces
 17818 | D:6      | Found the +7 longbow of Krishna "Shargna" {holy, speed,
                  | +Vis}
 18144 | D:7      | Found a gate to the Vaults.
 18400 | D:7      | Found a flagged portal.
 18417 | Bailey   | Entered a bailey
 19081 | Vaults:1 | Entered Level 1 of the Vaults
 19115 | Vaults:1 | Identified the cursed amulet "Edept" {RegenMP Int+4,
                  | (Curse: *Corrode Fragile)}
 19277 | Vaults:1 | Identified the cursed amulet "Deuphuo" {Spirit rC+ Dex+3,
                  | (Curse: Fragile rF- MP-9)}
 19567 | Vaults:1 | Reached XP level 19. HP: 167/167 MP: 20/20
 20022 | Vaults:1 | Reached skill level 15 in Fighting
 20111 | Vaults:1 | Found Ritey's Magic Scroll Shop.
 20119 | Vaults:1 | Bought a scroll of acquirement for 832 gold pieces
 20119 | Vaults:1 | Bought a scroll of acquirement for 832 gold pieces
 20119 | Vaults:1 | Bought a scroll of blinking for 120 gold pieces
 20119 | Vaults:1 | Identified the +0 cloak of the Sparrow {rF+ Regen+ MP-9}
                  | (You acquired it on level 1 of the Vaults)
 20126 | Vaults:1 | Identified the +4 staff "Itoh" {chaos, earth; +Fly MR++
                  | AC+5 Str+6} (You acquired it on level 1 of the Vaults)
 20126 | Vaults:1 | Identified the ring of the Twenty Lives {rPois rN+} (You
                  | acquired it on level 1 of the Vaults)
 20126 | Vaults:1 | Identified the +0 cloak of a Billion Orbs {rF+ Regen+
                  | Int+3} (You acquired it on level 1 of the Vaults)
 20481 | Vaults:2 | Found a staircase to the Crypt.
 20481 | Vaults:2 | Found a basalt altar of Yredelemnul.
 20482 | Vaults:2 | Found an ancient bone altar of Kikubaaqudgha.
 20597 | Vaults:2 | Found Vusi's Magic Scroll Boutique.
 20619 | Vaults:2 | Bought the cursed +8 chain mail of Negligence {rC+ MP+9,
                  | (Curse: *Contam)} for 1041 gold pieces
 20866 | Vaults:2 | Identified the cursed amulet of Kunal {Reflect rF- rN+
                  | Str+4 Int+2 SH+5, (Curse: Fragile)}
 20867 | Vaults:2 | Reached skill level 27 in Bows
 21669 | Vaults:3 | Found Bavuylite's Antique Weapon Shop.
 21763 | Vaults:3 | Identified the cursed ring "Waestrif" {*Tele rF- rN++
                  | Dex+3, (Curse: Fragile)}
 21924 | Vaults:3 | Found the +1 cloak of Starlight {rElec rC+ EV+4 Stlth--}
 22904 | Vaults:4 | Reached XP level 20. HP: 183/183 MP: 21/21
 22931 | Vaults:4 | Identified the amulet "Gagunop" {Acrobat Int+4}
 23246 | Vaults:4 | Identified the cursed +9 arbalest "Daittuc" {elec, *Slow
                  | rElec rN+++ Str-5, (Curse: MR-)}
 23461 | Vaults:4 | Identified the +7 staff of Articulation {menace, death; rN+
                  | Dex+2}
 24231 | Vaults:5 | Entered Level 5 of the Vaults
 24374 | Vaults:5 | Identified the cursed +10 scythe of Income {protect,
                  | Fragile rPois rN+ +Vis, (Curse: rC-)}
 24378 | Vaults:5 | Identified the +3 staff of the Secret Runes {wizard, tMut;
                  | rPois}
 24419 | Vaults:5 | Got a silver rune of Zot
 24574 | Vaults:5 | Identified the +8 quarterstaff of Moboh {acid, rC+ MR+
                  | Int+4} (You took it off a vault guard on level 5 of the
                  | Vaults)
 24622 | Vaults:5 | Reached XP level 21. HP: 197/197 MP: 22/22
 24836 | Vaults:5 | Noticed Margery
 24839 | Vaults:5 | Killed Margery
 25113 | Vaults:5 | Identified the cursed +11 staff "Xofycoune" {chaos, poison;
                  | rPois rC+ Str+2, (Curse: *Drain)}
 25138 | Vaults:5 | Noticed a golden dragon
 25143 | Vaults:5 | Killed a golden dragon
 25420 | Vaults:5 | Identified the cursed ring "Veyneozi" {MR+ Str+6, (Curse:
                  | *Corrode)}
 25429 | Vaults:5 | Identified the +1 chain mail of Undesirable Species {-Cast
                  | *Drain rElec rF+++}
 25434 | Vaults:5 | Identified the +5 war axe of Beyond {chop, +Rage MR+}
 25467 | Vaults:5 | Identified Fuupocso's Catalogue of Fire
 25479 | Vaults:5 | Identified the Incunabulum of the Blaze
 25486 | Vaults:5 | Learned a level 3 spell: Apportation
 25757 | Vaults:5 | Identified the cursed +9 demon blade of Peazell {elec,
                  | Str-4 Int+4 +Vis, (Curse: Stlth-)}
 25759 | Vaults:5 | Reached XP level 22. HP: 213/213 MP: 23/23
 25960 | D:7      | Bought the cursed ring of Varrez {MR++ AC+5 Int+2 Dex-3,
                  | (Curse: *Slow)} for 1044 gold pieces
 25996 | D:8      | Entered Level 8 of the Dungeon
 26016 | D:8      | Found Daron's General Store.
 26023 | D:8      | Bought a scroll of acquirement for 624 gold pieces
 26023 | D:8      | Identified the ring "Wenoagh" {Dex+4 Slay+5} (You acquired
                  | it on level 8 of the Dungeon)
 26252 | D:8      | Found a runed translucent gate.
 26253 | D:8      | Found a runed translucent gate.
 26253 | D:8      | Found a viscous altar of Jiyva.
 26253 | D:8      | Noticed Gofip's ghost (novice DEWz)
 26254 | D:8      | Found a runed translucent gate.
 26283 | D:8      | Killed Gofip's ghost
 26329 | D:8      | Found a staircase to the Depths.
 26455 | D:8      | Found a glowing golden altar of the Shining One.
 26718 | Depths:1 | Entered Level 1 of the Depths
 26761 | Depths:1 | Noticed frimble's ghost (adept DsGl)
 26762 | Depths:1 | Identified the ring of the Morning {Fire *Drain Int+8 Dex-5
                  | +Vis}
 27012 | Depths:1 | Identified the cursed ring "Hosehacs" {rElec rF+ Dex+5
                  | Slay+4, (Curse: *Slow Fragile)}
 27042 | Depths:1 | Found a runed translucent gate.
 27042 | Depths:1 | Found a runed translucent gate.
 27042 | Depths:1 | Found a runed translucent gate.
 27157 | Depths:1 | Identified the cursed ring of Fun {rElec rPois Str+2,
                  | (Curse: *Corrode Fragile)}
 27250 | Depths:1 | Found a gateway to Hell.
 27276 | Depths:1 | Reached skill level 15 in Dodging
 27296 | Depths:1 | Reached skill level 15 in Armour
 27314 | Depths:1 | Found a glowing golden altar of the Shining One.
 27575 | Depths:1 | Identified the cursed +4 hat of the Salamander {Slay+2,
                  | (Curse: Int-5)}
 27625 | Depths:1 | Killed frimble's ghost
 27795 | Depths:2 | Noticed Sojobo
 27802 | Depths:2 | Killed Sojobo
 28013 | Depths:2 | Identified the cursed +1 ring mail of Undesirable Species
                  | {+Inv Int-2 Dex+3, (Curse: *Drain)}
 28013 | Depths:2 | Identified the cursed +9 targe of the Swamp {crush, rC++,
                  | (Curse: *Slow)}
 28103 | Depths:2 | Reached XP level 23. HP: 184/225 MP: 24/24
 28199 | Depths:2 | Identified the cursed ring of Vuich {Fire rPois MR+ Dex+2,
                  | (Curse: *Tele Fragile)}
 28435 | Depths:2 | Found a gateway to a ziggurat.
 28652 | Depths:2 | Identified the +8 staff "Kinikoux" {shield, fire; rF+ Str-4
                  | Int+3 Dex+3}
 28959 | Depths:3 | Found a one-way gate leading to the halls of Pandemonium.
 29056 | Depths:3 | Noticed the Enchantress
 29061 | Depths:3 | Killed the Enchantress
 29072 | Depths:3 | Noticed Saint Roka
 29082 | Depths:3 | Killed Saint Roka
 29204 | Depths:3 | Reached skill level 1 in Evocations
 29578 | Depths:3 | Found a corrupted altar of Lugonu.
 29578 | Depths:3 | Found a one-way gate to the infinite horrors of the Abyss.
 29986 | Depths:4 | Identified the cursed ring of Qorur {*Drain MR+ Str+3
                  | Int+5, (Curse: *Corrode Fragile)}
 30098 | Depths:4 | Found a portal to a secret trove of treasure.
 30213 | Depths:4 | Found Xuetsuah's Assorted Antiques.
 30261 | Depths:4 | You paid a toll of 18 potions of curing to enter a treasure
                  | trove
 30262 | Trove    | Entered a treasure trove
 30278 | Trove    | Identified the +3 centaur barding of the Heron {Slay+3
                  | Stlth+}
 30278 | Trove    | Found the +0 pair of fencer's gloves {Riposte Dex+3}
 30460 | Depths:4 | Reached skill level 5 in Evocations
 30468 | Depths:4 | Identified the cursed ring of the Bouncing Gods {*Tele
                  | rElec rF+, (Curse: Fragile)}
 30483 | Depths:4 | Reached XP level 24. HP: 237/237 MP: 17/26
 31047 | Depths:5 | Entered Level 5 of the Depths
 31068 | Depths:5 | Noticed Boris
 31072 | Depths:5 | Killed Boris
 31086 | Depths:5 | Found a hazy altar of Hepliaklqana.
 31119 | Depths:5 | Identified the cursed ring "Hoummosu" {-Vis rPois Str+7
                  | Dex+5 Stlth+, (Curse: *Slow)}
 31227 | Depths:4 | Reached XP level 25. HP: 245/245 MP: 18/27
 31369 | Depths:5 | Identified the cursed ring "Orelil" {Fire rPois MR++,
                  | (Curse: *Drain)}
 31419 | Depths:5 | Found a stormy altar of Qazlal.
 31425 | Depths:5 | Identified the +0 centaur barding of Raezoehi {rElec Int+5
                  | Dex-4 +Vis} (You acquired it on level 5 of the Depths)
 31426 | Depths:5 | Identified the -1 shortbow "Bagaugri" {molten, rPois} (You
                  | acquired it on level 5 of the Depths)
 31427 | Depths:5 | Identified the -1 cloak of Dice, Bag, and Bottle {rElec rF+
                  | MR- Str+5} (You acquired it on level 5 of the Depths)
 31761 | Depths:5 | Found a gate to the Realm of Zot.
 31876 | Depths:5 | Identified the cursed ring of Makhleb's Pride {rElec rN+
                  | MR- Dex+5, (Curse: Slay-6)}
 31952 | Depths:5 | Found a sacrificial altar of Ru.
 32063 | Depths:5 | Identified the cursed +2 cloak of the Cooper {MR+ Dex+2,
                  | (Curse: rC-)}
 32157 | Zot:1    | Entered Level 1 of the Realm of Zot
 32157 | Zot:1    | Noticed an orb of fire
 32159 | Zot:1    | Gained mutation: You are frail. (-10% HP) [an orb of fire]
 32166 | Zot:1    | Killed an orb of fire
 32176 | Zot:1    | Bought the cursed +10 storm dragon scales "Siakocs Maod"
                  | {rElec rF+ rCorr Int+3, (Curse: *Drain)} for 3211 gold
                  | pieces
 32307 | Zot:1    | Identified the cursed ring "Kocin" {+Inv rElec rPois MP+9
                  | Str-2, (Curse: Fragile)}
 32309 | Zot:1    | Reached XP level 26. HP: 230/230 MP: 18/27
 33103 | Zot:2    | Noticed an orb of fire
 33108 | Zot:2    | Killed an orb of fire
 33242 | Zot:2    | Identified the cursed +2 ring mail of Loss {rF+ Dex+4,
                  | (Curse: -Cast)}
 33455 | Zot:3    | Noticed an orb of fire
 33465 | Zot:3    | Killed an orb of fire
 33486 | Zot:3    | Noticed an orb of fire
 33494 | Zot:3    | Killed an orb of fire
 34229 | Zot:4    | Noticed a Killer Klown
 34233 | Zot:4    | Killed a Killer Klown
 34281 | Zot:4    | Reached XP level 27. HP: 242/242 MP: 18/27
 34740 | Zot:5    | Entered Level 5 of the Realm of Zot
 34851 | Zot:5    | Noticed an orb of fire
 35093 | Zot:5    | Killed an orb of fire
 35100 | Zot:5    | Noticed an orb of fire
 35104 | Zot:5    | Killed an orb of fire
 35145 | Zot:5    | Noticed a Killer Klown
 35156 | Zot:5    | Killed a Killer Klown
 35168 | Zot:5    | Noticed an ancient lich
 35179 | Zot:5    | Killed an ancient lich
 35270 | Zot:5    | Noticed an orb of fire
 35274 | Zot:5    | Killed an orb of fire
 35274 | Zot:5    | Reached skill level 27 in Fighting
 35299 | Zot:5    | Noticed a Killer Klown
 35302 | Zot:5    | Killed a Killer Klown
 35319 | Zot:5    | Noticed a Killer Klown
 35324 | Zot:5    | Killed a Killer Klown
 35483 | Zot:5    | Noticed an orb of fire
 35487 | Zot:5    | Killed an orb of fire
 35529 | Zot:5    | Noticed a Killer Klown
 35533 | Zot:5    | Killed a Killer Klown
 35638 | Zot:5    | Noticed an ancient lich
 35642 | Zot:5    | Killed an ancient lich
 35675 | Zot:5    | Noticed a Killer Klown
 35682 | Zot:5    | Killed a Killer Klown
 36112 | Zot:5    | Got the Orb of Zot
 36401 | D:5      | Noticed Itzaufiome the pandemonium lord
 36510 | D:$      | Escaped with the Orb!

Levels and vault maps discovered:
D:1:      matt_arrival_spirals, layout_basic
D:2:      layout_sewer, sewer_frog_spiral, first_ration
D:3:      layout_loops_cross, uniq_duvessa
D:4:      layout_loops_cross, minmay_temple_entry_statues_pillars
D:5:      layout_roguey, nicolae_ashenzari_panopticon, dpeg_lair_monsters,
          uniq_erolcha
D:6:      layout_loops_ring, grunt_temple_overflow_holy_war, david_orc_2,
          uniq_urug, uniq_circe, uniq_roxanne
D:7:      layout_long_grid, erik_vaults_2, serial_park_tiny_1, enter_bailey_7,
          hangedman_pestilent_swarm
D:8:      gammafunk_depths_entry_grave, layout_irregular_city, serial_shops,
          nicolae_shop_statue_plus, gammafunk_ghost_ooze, basic_altar,
          hangedman_decor_clover_reticule
Temple:   eino_temple_rhombus
Lair:1:   layout_cave_pods
Lair:2:   ossuary_bcadren_due_volcanic, layout_concentric_octagons,
          shoals_dummy_entry, st_stairs_13, grunt_megastairs_5,
          chequers_ossuary_entry_cave
Lair:3:   lemuel_slime, layout_big_grid, st_stairs_10, minivault_29,
          grunt_megastairs_3, serial_bayou_shore_a
Lair:4:   layout_loops_ring, spider_nest_entry_a, lemuel_fruit_tree
Lair:5:   layout_small_grid, slime_altar_2, enter_volcano_2,
          serial_bayou_pond_d, uniq_snorg
Lair:6:   due_jungle_book, layout_gridlike, gauntlet_entry_generic,
          columned_hall_lemuel
Shoals:1: layout_shoals
Shoals:2: layout_shoals, wheals_shoals_ruined_temple, uniq_donald, uniq_ilsuiw
Shoals:3: layout_shoals
Shoals:4: shoals_end_simple, layout_shoals, uniq_polyphemus
Spider:1: layout_spider_delve, uniq_agnes, uniq_frances
Spider:2: layout_spider_delve
Spider:3: layout_spider_delve, hangedman_spider_tarantella_strand, uniq_arachne,
          uniq_aizul
Spider:4: grunt_spider_rune_island, guppyfry_spider_mini_3
Orc:1:    layout_diamond_mine, basic_altar
Orc:2:    grunt_orc_gardens, layout_caves, grunt_orc_garden, grunt_orc_garden,
          grunt_orc_garden, grunt_orc_garden
Vaults:1: v_rooms_5, st_hourglassy, hangedman_vaults_river_flow,
          nicolae_vaults_little_squares_6, vaults_room_ringed_pool,
          serial_ice_m, nicolae_vaults_specimen_jars, v_misc_1,
          layout_vaults_omnigrid, serial_shops, shop
Vaults:2: minmay_crypt_entry_necro_gods, vaults_room_pool,
          nicolae_vaults_display_case, v_pattern_2, grunt_vaults_diagonal,
          hangedman_vaults_snaps, vaults_room_grunt_arrival_ludios, v_misc_5,
          nicolae_vaults_little_squares_6, nicolae_vaults_mini_display_case,
          layout_vaults_chaotic_city, serial_shops,
          nicolae_shop_temple_entry_statues_fountains
Vaults:3: hangedman_vaults_hat, vaults_dpeg_spiral, vaults_room_boxed, st_star,
          v_misc_8, v_rooms_3, vaults_standard_mumra_x, v_alt_pattern_2,
          hangedman_vaults_stretched_pinwheel, vaults_room_fours,
          v_alt_pattern_1, vaults_room_stairs_pillars, layout_vaults_ring,
          serial_shops, nicolae_shop_behind_doors
Vaults:4: nicolae_vaults_yaktaur_gun_rack, hangedman_vaults_stitches, v_misc_23,
          nicolae_vaults_border_crossing, hangedman_vaults_nails,
          grunt_vaults_swirl, vaults_room_fancy_cross,
          nicolae_vaults_windows_and_doors_thing, nicolae_vaults_minivaults,
          v_misc_19, vaults_dpeg_hooks, vaults_room_pools,
          vaults_room_door_ring, layout_vaults_big_cross
Vaults:5: uniq_margery
Depths:1: layout_twisted_cross, gammafunk_ghost_icy, grunt_hell_horde,
          hex_medium, hangedman_decor_points, serial_sigils_hangedman_confine,
          tso_metal_star
Depths:2: minmay_the_grid_octo_tiled_octocenter_mashed
          [minmay_the_grid_octo_odd_swirl, minmay_the_grid_octo_concentric,
          minmay_the_grid_octo_clover_2, minmay_the_grid_octo_fat_diamond,
          minmay_the_grid_octo_prize_big_c, minmay_the_grid_square_5x5_n_small,
          minmay_the_grid_square_5x5_tie, minmay_the_grid_square_5x5_spiral,
          minmay_the_grid_square_5x5_beaten_path], layout_cave_pools,
          enter_ziggurat_b, pf_vacation_house_of_asmodeus,
          chequers_serial_rivers_small_a, serial_rivers,
          chequers_serial_rivers_large_a, chequers_serial_rivers_micro_a,
          chequers_serial_rivers_small_3, chequers_serial_rivers_large_b,
          chequers_serial_rivers_small_b, uniq_sojobo
Depths:3: cheibrodos_birdhouse, layout_twisted_cavern, rand_demon_pan_entry_5,
          serial_sigils_hangedman_etch, hell_entry, abyss_entry_flame_altar,
          uniq_saint_roka, uniq_enchantress
Depths:4: minmay_broken_ring, layout_cave_pools, grunt_hell_entry_dis_mu,
          nicolae_trove_entry_free_sample, pan_entry, serial_shops,
          kennysheep_mini_moat, abyss_entry, infiniplex_staircase_zigzag_2
Depths:5: hangedman_spin_cycle, hell_entry, uniq_boris
Zot:1:    layout_onion_interference
Zot:2:    layout_onion_interference, grunt_megastairs_1
Zot:3:    layout_gridville
Zot:4:    layout_misc_corridors
Zot:5:    layout_basic

Skill      XL: |  1  2  3  4  5  6  7  8  9 10 11 12 13 14 15 16 17 18 19 20 21 22 23 24 25 26 27 |
---------------+----------------------------------------------------------------------------------+-----
Bows           | 2 3 5 6 7 9 11 14 17 19 22 23 24 25 26 27 | 27.0
Fighting       | 5 7 9 10 11 13 14 17 19 21 22 23 24 26 27 | 27.0
Armour         | 3 5 7 9 10 11 12 13 14 15 16 17 18 21 | 21.0
Dodging        | 3 5 7 9 10 11 12 13 14 15 16 17 | 17.2
Evocations     | 5 6 |  6.0
Stealth        | |  0.4
Spellcasting   | |  1.0

Action                   |  1- 3 |  4- 6 |  7- 9 | 10-12 | 13-15 | 16-18 | 19-21 | 22-24 | 25-27 || total
-------------------------+-------+-------+-------+-------+-------+-------+-------+-------+-------++-------
 Fire: Longbow           |    45 |    87 |   237 |   281 |   379 |   877 |   730 |   683 |   873 ||  4192
Invok: Call Merchant     |       |       |       |       |       |     3 |     2 |     1 |     1 ||     7
  Use: Scroll            |     1 |     1 |     1 |     4 |     4 |     7 |     6 |     5 |     5 ||    34
       Potion            |       |       |       |       |     1 |       |     1 |     1 |     3 ||     6
  Eat: Chunk             |       |       |     6 |       |       |       |       |       |       ||     6
       Ration            |       |       |       |     2 |     2 |     7 |     5 |     3 |     4 ||    23
Armor: Robe              |     4 |    15 |    38 |     2 |       |       |       |       |       ||    59
       Scale mail        |       |       |       |     9 |     8 |   166 |    16 |       |       ||   199
       Chain mail        |       |       |       |       |       |       |    62 |    67 |       ||   129
       Acid dragon scale |       |       |       |       |       |       |       |    21 |    35 ||    56
       Skin              |       |       |       |       |       |       |       |       |     4 ||     4
       Storm dragon scal |       |       |       |       |       |       |       |       |   100 ||   100
Dodge: Dodged            |     2 |     2 |    10 |     1 |     1 |    15 |    11 |    16 |    39 ||    97
